 Dungeon Crawl Stone Soup version 0.19-b1-4-gd8a0a2a (webtiles) character file.

67 sugabear the Cudgeler (level 4, -1/23 HPs)
             Began as a Vine Stalker Gladiator on Oct 30, 2016.
             Succumbed to Sigmund's poison
             ... on level 2 of the Dungeon.
             The game lasted 00:01:09 (996 turns).

sugabear the Cudgeler (Vine Stalker Gladiator)       Turns: 996, Time: 00:01:10

Health: -1/23      AC:  6    Str: 18    XL:     4   Next: 18%
Magic:  2/5        EV: 12    Int:  8    God:
Gold:   114        SH:  0    Dex: 15    Spells: 0 memorised, 3 levels left

rFire  . . .     SeeInvis .     a - +0 flail
rCold  . . .     Gourm    .     q - +0 ring mail
rNeg   . . .     Faith    .     (no shield)
rPois  .         Spirit   +     c - +0 helmet
rElec  .         Reflect  .     (no cloak)
rCorr  .         Harm     .     (no gloves)
MR     .....                    (no boots)
Stlth  +.........               (no amulet)
                                (no ring)
                                (no ring)

@: lethally poisoned (-1 -> -21)
A: fangs 2, regeneration 1, magic shield, antimagic bite, no device heal 3, rot
immunity
a: no special abilities


You were on level 2 of the Dungeon.
You were not hungry.

You visited 1 branch of the dungeon, and saw 2 of its levels.

You collected 114 gold pieces.

Inventory:

Hand Weapons
 a - a +0 flail (weapon)
Missiles
 d - 3 throwing nets (quivered)
Armour
 b - a +0 leather armour
 c - a +0 helmet (worn)
 q - a +0 ring mail (worn)
Jewellery
 i - an uncursed amulet of the gourmand {unknown}
 p - a cursed amulet of inaccuracy {unknown}
Scrolls
 e - a scroll of remove curse {unknown}
 g - a scroll of enchant armour {unknown}
 k - 3 scrolls of immolation {unknown}
 l - a scroll of teleportation {unknown}
 m - a scroll of amnesia {unknown}
Potions
 h - 2 potions of curing {unknown}
 n - a potion of lignification {unknown}
 o - 2 potions of might {unknown}
Comestibles
 f - a bread ration
 j - a meat ration
 r - 3 chunks of flesh


   Skills:
 + Level 2.1 Fighting
 + Level 3.6 Maces & Flails
 + Level 1.8 Throwing
 + Level 0.5 Armour
 + Level 2.9 Dodging


You had 3 spell levels left.
You didn't know any spells.

Dungeon Overview and Level Annotations

Branches:
Dungeon (2/15)

Altars:
Ashenzari

Annotations:
D:2 Sigmund


Innate Abilities, Weirdness & Mutations

You have extremely sharp teeth.
Your natural rate of healing is unusually fast.
When hurt, damage is shared between your health and your magic reserves.
Your bite disrupts and absorbs the magic of your enemies.
Potions and wands cannot restore your health.
You are immune to rotting.


Message History

Something barely misses you.
You feel sick.
You hear some strange, mumbled words.
You are confused.
You feel sick. Something hits you.
You are more poisoned.
You feel sick. Something hits you.
You are more poisoned.
You closely miss something. Your bite misses something.
You feel sick. Something hits you.
You are more poisoned.
You feel sick. Something completely misses you.
You feel less confused.
You feel sick.
You feel sick. Something hits you!
* * * LOW HITPOINT WARNING * * *
You are more poisoned.
* * * LOW HITPOINT WARNING * * *
You feel very sick.
You die...

# #.............#
# #####.........#
#.........# ###
#.........# .".
#..(......# #..
##.......##
####.##.........#
................#
.#..........@...#
.......†........#
....#.#.#.#.###.#
## # #.#.#...#.#
#.###.###.. ...
... ...# ... ...
...#
##.###.###..# #.#
... #..#


There were no monsters in sight!

Vanquished Creatures
  Ijyb (D:2)
  An adder (D:2)
  2 dart slugs
  2 leopard geckos
  A ball python (D:1)
  A giant cockroach (D:1)
  2 goblins
  7 hobgoblins
  2 kobolds (D:1)
  3 bats (D:1)
  5 rats
27 creatures vanquished.

Notes
Turn   | Place    | Note
-------+----------+-------------------------------------------
     0 | D:1      | sugabear the Vine Stalker Gladiator began the quest for the Orb.
     0 | D:1      | Reached XP level 1. HP: 11/11 MP: 2/2
   186 | D:1      | Reached XP level 2. HP: 10/15 MP: 3/3
   336 | D:1      | Found a shattered altar of Ashenzari.
   647 | D:1      | Reached skill level 3 in Maces & Flails
   719 | D:1      | Reached XP level 3. HP: 17/18 MP: 4/4
   948 | D:2      | Noticed Ijyb
   963 | D:2      | Killed Ijyb
   963 | D:2      | Gained mutation: Your natural rate of healing is unusually fast. [Vine Stalker growth]
   963 | D:2      | Reached XP level 4. HP: 19/23 MP: 3/5
   973 | D:2      | Noticed Sigmund
   995 | D:2      | HP: 1/23 [poisoned by Sigmund]
   996 | D:2      | Succumbed to Sigmund's poison

Skill      XL: |  1  2 |
---------------+-------+-----
Fighting       | 2 |  2.1
Maces & Flails | 3 |  3.6
Throwing       | |  1.8
Armour         | |  0.5
Dodging        | |  2.9

Action                   |  1- 3 |  4- 6 || total
-------------------------+-------+-------++-------
Melee: Flail             |    72 |     3 ||    75
       Bite              |    18 |     1 ||    19
 Stab: Sleeping          |     1 |       ||     1
Armor: Leather armour    |    22 |       ||    22
       Ring mail         |     4 |     2 ||     6
Dodge: Dodged            |    56 |     3 ||    59
